 Dungeon Crawl Stone Soup version 0.16.0-11-gd45b091 (webtiles) character file.

2118 Ladykiller69 the Basher (level 9, -3/81 HPs)
             Began as an Ogre Hunter on Mar 17, 2015.
             Was a Priest of Cheibriados.
             Slain by a killer bee (7 damage)
             ... on level 8 of the Dungeon.
             The game lasted 00:34:57 (7671 turns).

Ladykiller69 the Basher (Ogre Hunter)               Turns: 7671, Time: 00:34:58

Health: -3/81      AC:  5    Str: 29    XL:     9   Next: 29%
Magic:  9/9        EV: 11    Int: 19    God:    Cheibriados [***...]
Gold:   366        SH:  0    Dex: 17    Spells: 0 memorised, 8 levels left

rFire  . . .     SeeInvis +     J - +3 giant spiked club
rCold  . . .     Clarity  .     I - +0 robe (curse)
rNeg   . . .     SustAb   .     (shield restricted)
rPois  .         Gourm    .     g - +1 hat
rElec  .         Spirit   .     M - +0 cloak
rCorr  +         Warding  .     (gloves unavailable)
rMut   .         Stasis   .     (boots unavailable)
MR     .....                    l - amulet of resist corrosion (curse)
Stlth  ++........               y - ring of see invisible
                                w - +2 ring of intelligence

@: lethally poisoned (-3 -> -33), very slow, not resistant to hostile
enchantments, unstealthy
A: unfitting armour, tough skin 1
a: Bend Time, Temporal Distortion, Renounce Religion


You were on level 8 of the Dungeon.
You worshipped Cheibriados.
Cheibriados was most pleased with you.
You were hungry.

You visited 2 branches of the dungeon, and saw 9 of its levels.
You also visited: Sewer.

You collected 366 gold pieces.

Inventory:

Hand weapons
 a - a +0 short sword
 n - a +0 club
 s - a +1 mace
 x - a +0 flail of crushing
 J - a +3 giant spiked club (weapon)
 N - a +2 dire flail
Missiles
 b - 5 large rocks
 c - a throwing net
 k - 98 stones (quivered)
 p - 22 poisoned needles
 z - 5 tomahawks
Armour
 e - a +0 robe
 g - a +1 hat (worn)
 C - a +0 robe of fire resistance
 I - a cursed +0 robe (worn)
 M - a +0 cloak (worn)
Jewellery
 l - a cursed amulet of resist corrosion (around neck)
 w - a +2 ring of intelligence (left hand)
 y - a ring of see invisible (right hand)
 K - a cursed ring of teleportation {unknown}
Magical devices
 d - a wand of digging (11)
 A - a wand of random effects (21)
 H - a wand of lightning (3)
 Q - a wand of magic darts (35)
Scrolls
 h - 7 scrolls of identify {unknown}
 o - 3 scrolls of remove curse {unknown}
 u - 3 scrolls of teleportation {unknown}
 O - a scroll of fog
 R - a scroll of magic mapping
Potions
 m - 5 potions of curing {unknown}
 q - a potion of resistance {unknown}
 r - 3 potions of haste {unknown}
 t - 4 potions of brilliance {unknown}
 B - 2 potions of cure mutation {unknown}
 E - a potion of ambrosia {unknown}
 F - a potion of lignification {unknown}
 G - a potion of might {unknown}
 P - a potion of restore abilities {unknown}
 S - a potion of heal wounds {unknown}
Books
 T - a book of Flames

   Spells                             Type                      Level
   a - Flame Tongue                   Conjuration/Fire             1
   b - Throw Flame                    Conjuration/Fire             2
   c - Conjure Flame                  Conjuration/Fire             3
   d - Inner Flame                    Hexes/Fire                   3
   e - Sticky Flame                   Conjuration/Fire             4
   f - Fireball                       Conjuration/Fire             5
Comestibles
 f - 4 meat rations
 i - 3 royal jellies
 j - 5 bread rations
 v - 2 slices of pizza
 D - 2 fruits
 L - a beef jerky
 U - a chunk of flesh


   Skills:
 - Level 3.0 Fighting
 + Level 14.1 Maces & Flails
 - Level 5.0 Throwing
 - Level 2.2 Dodging
 - Level 1.3 Stealth


You had 8 spell levels left.
You didn't know any spells.

Dungeon Overview and Level Annotations

Branches:
Dungeon (8/15)             Temple (1/1) D:4
   Lair: D:8-11

Altars:
Ashenzari
Cheibriados
Elyvilon
Kikubaaqudgha
Makhleb
Nemelex Xobeh
Okawaru
Qazlal
Ru
Sif Muna
Vehumet
Yredelemnul
Zin
The Shining One

Annotations:
D:3 Edirash's ghost, average DEAE


Innate Abilities, Weirdness & Mutations

You are too large for most types of armour.
You have tough skin (AC +1).


Message History

The killer bee stings you but does no damage.
The killer bee barely misses you. The killer bee stings you.
You miss the killer bee.
You feel sick.
The killer bee stings you but does no damage.
The killer bee barely misses you. The killer bee stings you.
The killer bee stings you!
* * * LOW HITPOINT WARNING * * *
You are lethally poisoned!
The killer bee poisons you!
You barely miss the killer bee.
* * * LOW HITPOINT WARNING * * *
You feel sick. The killer bee stings you!
* * * LOW HITPOINT WARNING * * *
The killer bee stings you.
* * * LOW HITPOINT WARNING * * *
You are more poisoned.
The killer bee poisons you! The killer bee stings you!
* * * LOW HITPOINT WARNING * * *
The killer bee stings you!
You die...

# ##...... #.
##........ ..
##.....# #.
##......#
..##.......#
#.#........#
#.#.......##
#y#......##
#†@..#####
#y'..##### #####
###......##
##....
#.......####.....
#........##......
##.......##......
##......##......
##.....##.....#
##..........#


You could see 2 killer bees.

Vanquished Creatures
  A hungry ghost (D:7)
  Menkaure (D:4)
  An ice beast (D:6)
  A necrophage (D:5)
  An ogre (D:6)
  A phantom (D:4)
  2 centaurs
  Duvessa (D:5)
  3 giant frogs
  A scorpion (D:7)
  A killer bee (D:8)
  5 wights (D:7)
  2 goliath beetles (D:7)
  Dowan (D:5)
  A crimson imp (D:5)
  A hound (D:4)
  3 orc wizards (D:6)
  An orc priest (D:5)
  4 worker ants
  Robin (D:4)
  8 adders
  12 giant mites
  A shadow imp (D:6)
  3 worms
  An adder skeleton (D:3)
  18 giant geckos
  9 oozes
  15 orcs
  13 ball pythons
  2 bat skeletons
  2 bat zombies
  14 giant cockroaches
  23 goblins
  15 hobgoblins
  5 jackals
  6 quokkas
  5 bats
  A giant gecko zombie (D:6)
  12 giant newts
  8 kobolds
  16 rats
  A plant (D:6)
223 creatures vanquished.

Notes
Turn   | Place    | Note
--------------------------------------------------------------
     0 | D:1      | Ladykiller69, the Ogre Hunter, began the quest for the Orb.
     0 | D:1      | Reached XP level 1. HP: 22/22 MP: 1/1
   229 | D:1      | Reached skill level 1 in Stealth
   229 | D:1      | Reached XP level 2. HP: 22/31 MP: 2/2
   904 | D:2      | Found a deep blue altar of Sif Muna.
  1102 | D:2      | Reached skill level 1 in Maces & Flails
  1115 | D:2      | Reached XP level 3. HP: 21/37 MP: 3/3
  1221 | D:2      | Found a stormy altar of Qazlal.
  2006 | D:2      | Reached skill level 5 in Throwing
  2230 | D:2      | Reached XP level 4. HP: 45/45 MP: 4/4
  3260 | D:3      | Noticed Edirash's ghost (average DEAE)
  3720 | D:4      | Reached XP level 5. HP: 49/53 MP: 5/5
  3798 | D:4      | Found a glowing drain.
  3925 | Sewer    | Entered a sewer
  3934 | Sewer    | Reached skill level 5 in Maces & Flails
  4162 | Sewer    | Reached skill level 6 in Maces & Flails
  4162 | Sewer    | Reached XP level 6. HP: 61/61 MP: 6/6
  4451 | Sewer    | Reached skill level 7 in Maces & Flails
  4532 | D:4      | Reached XP level 7. HP: 65/67 MP: 7/7
  4584 | D:3      | Reached skill level 8 in Maces & Flails
  4688 | D:4      | Noticed Menkaure
  4693 | D:4      | Killed Menkaure
  4697 | D:4      | Noticed a phantom
  4733 | D:4      | Reached skill level 9 in Maces & Flails
  4738 | D:4      | Noticed Robin
  4759 | D:4      | Found a staircase to the Ecumenical Temple.
  4768 | Temple   | Entered the Ecumenical Temple
  4792 | Temple   | Became a worshipper of Cheibriados the Contemplative
  4832 | D:4      | Killed Robin
  4839 | D:4      | Killed a phantom
  5131 | D:5      | Entered Level 5 of the Dungeon
  5131 | D:5      | Noticed Duvessa
  5131 | D:5      | Noticed Dowan
  5171 | D:5      | Acquired Cheibriados' first power
  5232 | D:5      | Reached skill level 10 in Maces & Flails
  5572 | D:5      | Reached XP level 8. HP: 68/75 MP: 8/8
  5586 | D:5      | Killed Duvessa
  5589 | D:5      | Killed Dowan
  5589 | D:5      | Reached skill level 11 in Maces & Flails
  6520 | D:7      | Reached skill level 12 in Maces & Flails
  6900 | D:7      | Reached skill level 13 in Maces & Flails
  6971 | D:7      | Reached XP level 9. HP: 72/81 MP: 9/9
  7316 | D:6      | Reached skill level 14 in Maces & Flails
  7413 | D:6      | Acquired Cheibriados' second power
  7627 | D:6      | You fall through a shaft for 2 floors!
  7671 | D:8      | HP: 4/81 [killer bee (7)]
  7671 | D:8      | Slain by a killer bee

Action                   |  1- 3 |  4- 6 |  7- 9 || total
-------------------------+-------+-------+-------++-------
Melee: Short sword       |    36 |       |       ||    36
       Club              |   101 |    28 |       ||   129
       Mace              |       |   141 |     1 ||   142
       Flail             |       |       |   142 ||   142
       Giant spiked club |       |       |    54 ||    54
       Dire flail        |       |       |     7 ||     7
Throw: Stone             |    48 |   181 |    65 ||   294
       Throwing net      |     2 |     6 |     1 ||     9
       Large rock        |       |     1 |     2 ||     3
       Tomahawk          |       |       |     3 ||     3
  Use: Scroll            |       |     3 |     3 ||     6
 Stab: Sleeping          |       |       |     1 ||     1
  Eat: Chunk             |     2 |     8 |     9 ||    19
       Beef jerky        |     1 |       |       ||     1
